AoeStats
← 76561199026418587

Lombardia

510261291Analyzed
2v2 RM · 3d ago on Sep 30, 2026· 49m 2s· 4 players
Game mode
Random Map
Map size
Medium (4 player)
Population
200
Speed
Normal
Resources
Standard
Victory
Conquest
Starting age
Dark Age
Ending age
Imperial Age
RankedLock teamsTeams togetherTeam positionsShared explorationLock speedFull tech treeHidden civsTurbo modeCheats
Victory
Defeat
🇹🇼 Vietnamese · Taiwan
1092
+15
🇨🇳 Magyars · China
1055
+17
🇲🇽 Celts · Mexico
1082
-16
🇲🇽 Bulgarians · Mexico
1074
-16
len´s_goth
7:05 Loom
10:00 Feudal Age
10:50 Arson
19:12 Scale Mail Armor
24:01 Stone Mining
24:00 Double-Bit Axe
29:29 Castle Age
35:26 Town Watch
39:32 Stone Shaft Mining
El_Terrible
7:15 Loom
9:26 Feudal Age
10:44 Double-Bit Axe
10:46 Man-at-Arms
17:04 Forging
17:46 Scale Mail Armor
20:34 Stone Mining
23:14 Castle Age
24:25 Pikeman
33:32 Wheelbarrow
34:43 Horse Collar
34:52 Town Watch
35:44 Chain Mail Armor
38:44 Arson
42:44 Imperial Age
40:46 Hand Cart
43:06 Halberdier
76561199026418587
7:14 Loom
7:23 Loom
10:42 Feudal Age
16:32 Bloodlines
18:33 Scale Barding Armor
26:53 Castle Age
27:18 Light Cavalry
28:00 Husbandry
28:42 Chain Barding Armor
31:55 Double-Bit Axe
33:52 Fletching
35:28 Bodkin Arrow
36:17 Padded Archer Armor
37:13 Thumb Ring
43:58 Bow Saw
43:41 Gold Mining
46:02 Ballistics
50:50 Imperial Age
hejonathan111
11:10 Feudal Age
12:04 Double-Bit Axe
12:53 Loom
12:54 Town Watch
14:37 Fletching
15:06 Forging
16:01 Gold Mining
24:44 Castle Age
24:38 Wheelbarrow
25:46 Thumb Ring
25:05 Crossbowman
25:44 Bodkin Arrow
26:51 Horse Collar
29:27 Bloodlines
29:35 Heavy Plow
33:37 Hand Cart
33:24 Town Patrol
41:28 Imperial Age
40:45 Ballistics
41:11 Treadmill Crane
41:03 Elite Skirmisher
41:45 Husbandry
43:14 Chemistry
42:34 Bow Saw
44:38 Elite Battle Elephant
45:48 Forging
Connection lost

Rejoining the realm…

Still unreachable

The connection could not be restored.

Session expired

The server has moved on; the page needs a fresh start.